 Dungeon Crawl Stone Soup version 0.32-a0-40-g2adb59a (webtiles) character file.

Game seed: 7914248193114045632

51 Dorkslayer the Ruffian (level 3, -2/23 HPs)
             Began as an Octopode Shapeshifter on Jan 24, 2024.
             Slain by an orc priest
             ... wielding a +0 flail
              (5 damage)
             ... on level 3 of the Dungeon.
             The game lasted 00:02:57 (1092 turns).

Dorkslayer the Ruffian (Octopode Shapeshifter)      Turns: 1092, Time: 00:02:57

Health: -2/23      AC:  1    Str: 15    XL:     3   Next: 83%
Magic:  3/3        EV: 11    Int: 12    God:
Gold:   106        SH:  7    Dex: 11    Spells: 2/2 levels left

rFire   . . .        g - +3 flail
rCold   . . .        i - +0 kite shield
rNeg    . . .        (helmet currently unavailable)
rPois   .            (no amulet)
rElec   .            (no ring)
rCorr   .            (no ring)
SInv    .            (no ring)
Will    .....        (no ring)
Stlth   +++          (no ring)
HPRegen 0.23/turn    (no ring)
MPRegen 0.08/turn    (no ring)
                     (no ring)

%: no passive effects
@: beast-form, hasted, very quick
A: beast (slay +1), almost no armour, amphibious, 8 rings, camouflage 1,
gelatinous body 1, (nimble swimmer 1), tentacles
a: Begin Untransformation


You were on level 3 of the Dungeon.
You were a hulking beast.
You visited 1 branch of the dungeon, and saw 3 of its levels.

You collected 106 gold pieces.

Inventory:

Hand Weapons
 g - a +3 flail (weapon)
Armour
 i - a +0 kite shield (worn)
Talismans
 b - a beast talisman
 c - a flux talisman
Scrolls
 d - a scroll of identify
 e - a scroll of fog
Potions
 a - a potion of lignification
 f - a potion of brilliance


   Skills:
 + Level 1.1 Fighting
 + Level 2.2 Dodging
 + Level 1.3 Stealth
 * Level 0.9 Shields
 * Level 3.6 Unarmed Combat
 + Level 3.3 Shapeshifting


You had 2 spell levels left.
You didn't know any spells.
Your spell library was empty.

Dungeon Overview and Level Annotations

Branches:
Dungeon (3/15)

Altars:

Shops:
D:1 [

Annotations:
D:3 1 transporter, beatlcricket's ghost, amateur MfMo


Innate Abilities, Weirdness & Mutations

You are a hulking beast.
Your limbs bulge with bestial killing power. (Slay +1)
You cannot wear most types of armour.
You are amphibious.
You can wear up to eight rings at the same time.
Your skin changes colour to match your surroundings (Stealth+).
Your rubbery body absorbs attacks. (AC +1, EV +1)
((You are camouflaged when in or above water. (Stealth+)))
You have tentacles for arms and can constrict up to eight enemies at once.


Message History

An adder comes into view.
Found a stone staircase leading down.
An adder is nearby!
You block the adder's attack.
You barely miss the adder. You grab the adder. You squeeze the adder.
The adder is heavily wounded.
You constrict the adder. The adder closely misses you. x2
You barely miss the adder. Your squeeze misses the adder.
The adder is severely wounded.
You constrict the adder.
You kill the adder!
You see here an adder corpse.
There is a stone staircase leading down here. 2 orcs come into view.
The orc moves out of view.
The orc shouts!
You hear an angry hiss.
You hear a shout!
An orc comes into view. It is wielding a +0 dagger.
You hear a shout!
A ball python comes into view.
You hit the orc. Your grab misses the orc. You squeeze the orc.
You kill the orc!
An orc priest comes into view. It is wielding a +0 flail.
You sock the ball python!
You kill the ball python!
Items here: ) [ ††.
The orc hits you with a +0 mace.
The orc priest hits you with a +0 flail!
Ouch! That really hurt!
The orc barely misses you.
You hit the orc priest. Your grab misses the orc priest.
The orc priest is moderately wounded.
You block the orc's attack. The orc priest closely misses you.
The orc hits you with a +0 dagger.
* * * LOW HITPOINT WARNING * * *
The orc closely misses you. The orc priest closely misses you.
The orc hits you with a +0 dagger.
* * * LOW HITPOINT WARNING * * *
You feel yourself speed up. You block the orc's attack.
The orc priest hits you with a +0 flail.
You die...

##############
#....†...>...# ..
#.##########.# ###..#
#.# ###.###...# #.#
#...)o...#
###†########.###h#.##
..........##. #oo.#
#........... #..#.⌠.
#.#.#####.#. ....
.#.# #.#.# # #.#.# .#
#.#.# .#.# #.#.# .♣
#.#.#####.#.##.#....
.
...............##..#.
###.###..#....


You could see an orc priest and 2 orcs.

Vanquished Creatures
  An adder (D:3)
  A ribbon worm (D:2)
  A dart slug (D:1)
  An orc (D:3)
  3 endoplasms
  2 giant cockroaches
  3 hobgoblins
  4 jackals (D:1)
  A quokka (D:2)
  2 ball pythons
  4 bats
  2 frilled lizards
  4 goblins
  2 kobolds
  3 rats
34 creatures vanquished.

Notes
Turn   | Place    | Note
-------+----------+-------------------------------------------
     0 | D:1      | Dorkslayer the Octopode Shapeshifter began the quest for
                  | the Orb.
     0 | D:1      | Reached XP level 1. HP: 13/13 MP: 1/1
    75 | D:1      | Reached XP level 2. HP: 11/18 MP: 2/2
   152 | D:1      | Found Giockufue's Antique Armour Shop.
   431 | D:1      | Found a faded altar of an unknown god.
   437 | D:1      | Reached skill level 1 in Stealth
   652 | D:2      | Reached XP level 3. HP: 23/23 MP: 3/3
   866 | D:2      | Identified the +4 ring mail "Kikiqof" {Harm rCorr Slay+5
                  | Stlth-}
   896 | D:2      | Identified the +0 pair of gloves of Lotwiop {rElec rF+ rC+}
  1046 | D:3      | Found a transporter.
  1060 | D:3      | Noticed beatlcricket's ghost (amateur MfMo)
  1092 | D:3      | Slain by an orc priest

Illustrated notes

Levels and vault maps discovered:
D:1:      mainiacjoe_arrival_oval_in_oval, layout_basic, serial_shops, shop,
          basic_ecumenical_altar, minmay_misc_feat_room
D:2:      layout_rooms
D:3:      layout_loops_ring, mainiacjoe_overflow_alcove_4,
          gammafunk_ghost_stat_death, grunt_decor_mini_mirrors,
          nicolae_grassy_gnolls

Skill      XL: |  1  2 |
---------------+-------+-----
Stealth        | 1 |  1.3
Fighting       | |  1.1
Dodging        | |  2.2
Shields        | |  0.9
Unarmed Combat | |  3.6
Shapeshifting  | |  3.3

Action                     || total
---------------------------++-------
  Melee: Unarmed           ||    57
         Tentacles         ||    17
         Constrict         ||    14
         Punch             ||     1
         Flail             ||    11
    Use: Scroll            ||     4
         Potion            ||     1
   Stab: Sleeping          ||     6
 Armour: Skin              ||    26
  Dodge: Dodged            ||    35
  Block: Kite shield       ||     3

Table legend: (Time is in decaauts)
 A = Elapsed time spent in this place.
 B = Non-inter-level travel time spent in this place.
 C = Inter-level travel time spent in this place.
 D = Time resting spent in this place.
 E = Time spent auto-exploring this place.
 F = Levels seen in this place.
 G = Mean time per level.
                   A        B        C        D        E       F      G
               +--------+--------+--------+--------+--------+-----+--------+
         Total |   1092 |   1092 |      0 |      0 |    560 |   3 |  364.0 |
       Dungeon |   1092 |   1092 |      0 |      0 |    560 |   3 |  364.0 |
               +--------+--------+--------+--------+--------+-----+--------+

Top non-repeatable levels by time:
     D:1: 632 daAuts
     D:2: 411 daAuts
     D:3: 49 daAuts
